 Dungeon Crawl Stone Soup version 0.22-b1-21-g5cfc1688f2 (webtiles) character file.

1862 artaiel the Twirler (level 8, -4/61 HPs)
             Began as a Demonspawn Gladiator on Aug 7, 2018.
             Was a Follower of Qazlal.
             Slain by Harold
             ... wielding a +1 scimitar of slicing
              (7 damage)
             ... on level 7 of the Dungeon.
             The game lasted 00:34:07 (6250 turns).

artaiel the Twirler (Demonspawn Gladiator)          Turns: 6250, Time: 00:34:08

Health: -4/61      AC:  8    Str: 15    XL:     8   Next: 90%
Magic:  8/8        EV: 15    Int: 11    God:    Qazlal [*.....]
Gold:   178        SH:  5    Dex: 18    Spells: 7/7 levels left

rFire    + . .     SeeInvis +   C - +0 morningstar "Pycunod" {freeze, *Noise rPois rN+++ Dex+3}
rCold    + . .     Gourm    .   (no shield)
rNeg     + + +     Faith    .   a - +0 leather armour of the Cast Vote {rC+ MR+}
rPois    +         Spirit   .   c - +0 helmet
rElec    .         Reflect  +   o - +0 cloak
rCorr    .         Harm     .   (no gloves)
MR       +....     Clarity  +   (no boots)
Stlth    ++........             h - +3 amulet of reflection
HPRegen  0.20/turn              j - ring of protection from fire
MPRegen  0.11/turn              t - ring of see invisible

@: hasted, very quick
A: talons 1, thin metallic scales 2, clarity, mutation resistance 1, powered by
pain 1
a: Renounce Religion


You were on level 7 of the Dungeon.
You worshipped Qazlal.
Qazlal was aware of your devotion.
You were not hungry.

You visited 2 branches of the dungeon, and saw 8 of its levels.

You collected 376 gold pieces.
You spent 198 gold pieces at shops.

Inventory:

Hand Weapons
 m - a +1 short sword of freezing
 n - a +3 quarterstaff of chaos
 r - a +1 mace of protection
 C - the +0 morningstar "Pycunod" (weapon) {freeze, *Noise rPois rN+++ Dex+3}
   (You found it on level 5 of the Dungeon)

   It has been specially enchanted to freeze those struck by it, causing extra
   injury to most foes and up to half again as much damage against particularly
   susceptible opponents.
   It can also slow down cold-blooded creatures.
   It affects your dexterity (+3).
   It protects you from poison.
   It renders you almost immune to negative energy.
   It may make noises in combat.
Missiles
 d - 3 throwing nets (quivered)
 w - 5 tomahawks of returning
Armour
 a - the +0 leather armour of the Cast Vote (worn) {rC+ MR+}
   (You bought it in a shop on level 4 of the Dungeon)

   It protects you from cold.
   It affects your resistance to hostile enchantments.
 b - a +0 leather armour
 c - a +0 helmet (worn)
 o - a +0 cloak (worn)
 v - a +0 ring mail
Jewellery
 h - a +3 amulet of reflection (around neck)
 j - a ring of protection from fire (left hand)
 k - an uncursed amulet of guardian spirit {unknown}
 l - an uncursed ring of ice
 t - a ring of see invisible (right hand)
 z - a +4 ring of slaying {unknown}
 A - the amulet of the Cricket {Reflect rC+ SH+5, unknown}
   (You found it on level 5 of the Dungeon)

   [amulet of reflection]

   It shields you and reflects attacks.
   It protects you from cold.
   It affects your SH (+5).
Scrolls
 e - 9 scrolls of identify
 i - 2 scrolls of random uselessness
 x - a scroll of magic mapping {unknown}
 y - 2 scrolls of teleportation {unknown}
 D - a scroll of immolation {unknown}
 E - a scroll of fear {unknown}
Potions
 g - 4 potions of lignification
 p - a potion of might {unknown}
 s - 3 potions of brilliance
 u - a potion of curing {unknown}
 B - a potion of resistance {unknown}
Comestibles
 f - 10 rations


   Skills:
 + Level 4.6 Fighting
 + Level 1.0(4.9) Maces & Flails
 + Level 7.7(7.8) Staves
 + Level 1.7 Throwing
 + Level 3.3 Armour
 + Level 5.2 Dodging
 + Level 2.9 Stealth


You had 7 spell levels left.
You didn't know any spells.
Your spell library was empty.

Dungeon Overview and Level Annotations

Branches:
Dungeon (7/15)             Temple (1/1) D:4

Altars:
Cheibriados
Dithmenos
Elyvilon
Fedhas
Gozag
Hepliaklqana
Kikubaaqudgha
Makhleb
Nemelex Xobeh
Okawaru
Qazlal
Sif Muna
Trog
Uskayaw
Vehumet
Wu Jian
Xom
Yredelemnul
Zin
The Shining One

Shops:
D:4 *

Annotations:
D:7 Harold


Innate Abilities, Weirdness & Mutations

You have sharp toenails.
You are mostly covered in thin metallic scales. (AC +3)
You sometimes gain a little power by taking damage.
You possess an exceptional clarity of mind.
You are somewhat resistant to further mutation.


Message History

Harold is lightly wounded.
Harold completely misses you.
Harold hits you with a scimitar of slicing!!
* * * LOW HITPOINT WARNING * * *
x2 You hit Harold but do no damage.
You claw Harold, but do no damage.
Harold is lightly wounded.
Harold hits you with a scimitar of slicing.
* * * LOW HITPOINT WARNING * * *
x2 You hit Harold.
You freeze Harold.
Your morningstar "Pycunod" says, "Ssh!
Did you hear that?"
You claw Harold.
Harold is lightly wounded.
You hear a shout!
You hear an angry hiss.
You hear a shout! x3
You hear an angry growl.
You hear a shout! x2
Harold hits you with a scimitar of slicing.
* * * LOW HITPOINT WARNING * * *
x2 Harold closely misses you.
You feel yourself speed up.
Harold hits you with a scimitar of slicing!
You die...

#...#....#
...#+###'##....#
.........^..#####
............#...#
............'...#
............#'###
##########.....#
#...#.....#
#..@@.....#
#...#.....#
#####.....#
.....## ...[..#
.......+ .......#
###....#


You could see Harold.

Vanquished Creatures
  Sigmund (D:2)
  Menkaure (D:6)
  A water moccasin (D:6)
  2 ice beasts
  3 ogres
  2 centaurs (D:5)
  3 scorpions
  A howler monkey (D:5)
  A vampire bat (D:3)
  2 jellies
  A bullfrog skeleton (D:4)
  Crazy Yiuf (D:2)
  3 hounds
  2 iguanas
  8 worker ants
  A howler monkey zombie (D:5)
  Robin (D:2)
  6 adders
  A shadow imp (D:6)
  2 oozes
  A worm (D:4)
  2 dart slugs
  2 leopard geckos
  8 orcs
  15 bats
  6 giant cockroaches
  13 hobgoblins
  8 jackals
  9 kobolds
  3 quokkas
  6 ball pythons
  3 frilled lizards
  10 goblins
  10 rats
139 creatures vanquished.

Vanquished Creatures (others)
  A centaur skeleton (D:3)
1 creature vanquished.

Grand Total: 140 creatures vanquished

Notes
Turn   | Place    | Note
-------+----------+-------------------------------------------
     0 | D:1      | artaiel the Demonspawn Gladiator began the quest for the Orb.
     0 | D:1      | Reached XP level 1. HP: 16/16 MP: 1/1
    37 | D:1      | Gained mutation: You sometimes gain a little power by taking damage. [demonic ancestry]
    37 | D:1      | Reached XP level 2. HP: 15/22 MP: 2/2
   526 | D:1      | Reached skill level 3 in Staves
   527 | D:1      | Reached XP level 3. HP: 24/27 MP: 3/3
   892 | D:2      | Found a runed door.
  1023 | D:2      | Gained mutation: Your body sometimes deteriorates upon taking damage. [potion of mutation]
  1023 | D:2      | Gained mutation: Your spells are a little harder to cast, but a little more powerful. [potion of mutation]
  1023 | D:2      | Gained mutation: Your muscles are strong. (Str +2) [potion of mutation]
  1024 | D:2      | Lost mutation: Your spells are a little harder to cast, but a little more powerful. [potion of mutation]
  1024 | D:2      | Lost mutation: Your body sometimes deteriorates upon taking damage. [potion of mutation]
  1024 | D:2      | Lost mutation: Your muscles are strong. (Str +2) [potion of mutation]
  1024 | D:2      | Gained mutation: You are somewhat resistant to further mutation. [potion of mutation]
  1024 | D:2      | Gained mutation: You possess an exceptional clarity of mind. [potion of mutation]
  1493 | D:2      | Gained mutation: You are partially covered in thin metallic scales. (AC +2) [demonic ancestry]
  1493 | D:2      | Reached XP level 4. HP: 34/34 MP: 4/4
  1496 | D:2      | Noticed Robin
  1512 | D:2      | Killed Robin
  1824 | D:2      | Noticed Sigmund
  1835 | D:2      | Killed Sigmund
  1835 | D:2      | Reached skill level 4 in Staves
  1835 | D:2      | Reached skill level 1 in Armour
  1835 | D:2      | Reached XP level 5. HP: 25/41 MP: 5/5
  2184 | D:2      | Noticed Crazy Yiuf
  2188 | D:2      | Killed Crazy Yiuf
  2188 | D:2      | Gained mutation: You are mostly covered in thin metallic scales. (AC +3) [demonic ancestry]
  2188 | D:2      | Reached XP level 6. HP: 47/47 MP: 6/6
  2324 | D:3      | Found a hide-covered altar of Uskayaw.
  2448 | D:3      | Found a radiant altar of Vehumet.
  2826 | D:3      | Reached skill level 1 in Stealth
  3271 | D:4      | Reached skill level 5 in Staves
  3316 | D:4      | Found a staircase to the Ecumenical Temple.
  3322 | D:4      | Reached XP level 7. HP: 44/52 MP: 7/7
  3327 | Temple   | Entered the Ecumenical Temple
  3462 | Temple   | Became a worshipper of Qazlal Stormbringer
  4002 | D:4      | Found Jogutoa's Assorted Antiques.
  4020 | D:4      | Bought a bloodstained leather armour for 154 gold pieces
  4020 | D:4      | Bought a scroll of identify for 44 gold pieces
  4030 | D:4      | Identified the +0 leather armour of the Cast Vote {rC+ MR+} (You bought it in a shop on level 4 of the Dungeon)
  4148 | D:5      | Entered Level 5 of the Dungeon
  4226 | D:5      | Got a flickering zirconium amulet
  4276 | D:5      | Reached skill level 6 in Staves
  4535 | D:5      | Reached * piety under Qazlal
  4649 | D:5      | Gained mutation: You have sharp toenails. [demonic ancestry]
  4649 | D:5      | Reached XP level 8. HP: 59/60 MP: 8/8
  4753 | D:5      | Got a bloodstained morningstar
  4754 | D:5      | Identified the cursed +0 morningstar "Pycunod" {freeze, *Noise rPois rN+++ Dex+3} (You found it on level 5 of the Dungeon)
  4925 | D:5      | Found a glowing golden altar of the Shining One.
  5231 | D:6      | Reached skill level 7 in Staves
  5231 | D:6      | Reached skill level 5 in Dodging
  5911 | D:6      | Found a glowing silver altar of Zin.
  5949 | D:6      | Noticed Menkaure
  5961 | D:6      | Killed Menkaure
  5961 | D:6      | Reached skill level 1 in Maces & Flails
  6240 | D:7      | Noticed Harold
  6249 | D:7      | HP: 3/61 [Harold/scimitar of slicing (1)]
  6250 | D:7      | Slain by Harold

Skill      XL: |  1  2  3  4  5  6  7  8 |
---------------+-------------------------+-----
Dodging        | 3 4 5 |  5.2
Staves         | 3 4 5 6 7 |  7.7
Fighting       | 3 4 |  4.6
Armour         | 1 2 3 |  3.3
Stealth        | 1 2 |  2.9
Maces & Flails | 1 |  1.0
Throwing       | |  1.7

Action                   |  1- 3 |  4- 6 |  7- 9 || total
-------------------------+-------+-------+-------++-------
Melee: Quarterstaff      |   131 |   107 |   123 ||   361
       Morningstar       |       |       |    29 ||    29
       Kick              |       |       |    25 ||    25
  Use: Potion            |     2 |     2 |     1 ||     5
       Scroll            |       |     6 |     1 ||     7
 Stab: Sleeping          |     1 |     1 |     1 ||     3
       Petrifying        |       |       |     1 ||     1
       Paralysed         |       |       |     1 ||     1
  Eat: Ration            |     1 |       |       ||     1
       Chunk             |       |     4 |    10 ||    14
Armor: Leather armour    |    43 |    57 |    20 ||   120
       Ring mail         |       |     2 |    13 ||    15
Dodge: Dodged            |   113 |   165 |    85 ||   363
Block: Other             |       |    16 |    25 ||    41
       Reflection        |       |       |     2 ||     2
